 Dungeon Crawl Stone Soup version 0.18.1-50-g88ac8fd (webtiles) character file.

651 grisgris the Scholar of Death (level 7, -9/41 HPs)
             Began as a Vampire Necromancer on Oct 16, 2016.
             Was a Follower of Kikubaaqudgha.
             Mangled by a gnoll
             ... wielding a +0 whip
              (10 damage)
             ... on level 5 of the Dungeon.
             The game lasted 00:23:35 (8090 turns).

grisgris the Scholar of Death (Vampire Necromancer) Turns: 8090, Time: 00:23:36

Health: -9/41      AC:  5    Str:  4 (7)  XL:     7   Next: 28%
Magic:  3/16       EV: 12    Int: 18 (21) God:    Kikubaaqudgha [*.....]
Gold:   195        SH:  0    Dex: 14 (15) Spells: 6 memorised, 2 levels left

rFire  . . .     SeeInvis +     d - +1 dagger
rCold  + . .     Gourm    .     a - +0 robe
rNeg   + + .     Faith    .     (no shield)
rPois  +         Spirit   .     k - +2 helmet
rElec  .         Dismiss  .     (no cloak)
rCorr  .         Reflect  .     (no gloves)
SustAt .         Harm     .     (no boots)
MR     .....                    (no amulet)
Stlth  ++........               (no ring)
                                (no ring)

@: regenerating slowly, not resistant to hostile enchantments, unstealthy
A: fangs 3, see invisible, clever 1, frail 1, unbreathing
a: Bat Form, Receive Corpses, Renounce Religion


You were on level 5 of the Dungeon.
You worshipped Kikubaaqudgha.
Kikubaaqudgha was aware of your devotion.
You were thirsty.

You visited 1 branch of the dungeon, and saw 6 of its levels.

You collected 195 gold pieces.

Inventory:

Hand Weapons
 d - a +1 dagger (weapon)
Armour
 a - a +0 robe (worn)
 k - a +2 helmet (worn)
Jewellery
 h - a cursed amulet of inaccuracy {unknown}
 m - an uncursed amulet of regeneration {unknown}
Wands
 n - a wand of teleportation (3/9)
Scrolls
 c - a scroll of teleportation
 f - a scroll of amnesia
 l - a scroll of recharging {unknown}
Potions
 e - a potion of lignification {unknown}
 i - 2 potions of flight
Books
 b - a book of Necromancy

   Spells                             Type                      Level
   a - Pain                           Necromancy                   1
   b - Animate Skeleton               Necromancy                   1
   c - Vampiric Draining              Necromancy                   3
   d - Regeneration                   Charms/Necromancy            3
   e - Animate Dead                   Necromancy                   4
   f - Control Undead                 Necromancy                   4
 j - Kikubaaqudgha's Reference Book on Evil Magic
   (Kikubaaqudgha gifted it to you on level 3 of the Dungeon)

   Spells                             Type                      Level
   a - Pain                           Necromancy                   1
   b - Corpse Rot                     Necromancy                   2
   c - Sublimation of Blood           Necromancy                   2
   d - Vampiric Draining              Necromancy                   3
   e - Control Undead                 Necromancy                   4


   Skills:
 - Level 2.1 Dodging
 - Level 3.0 Stealth
 * Level 6.3 Spellcasting
 + Level 6.5 Necromancy


You had 2 spell levels left.
You knew the following spells:

 Your Spells              Type           Power        Failure   Level  Hunger
a - Pain                  Necr           ####         1%          1    None
b - Animate Dead          Necr           N/A          10%         4    ####...
c - Control Undead        Necr           ####......   10%         4    ####...
d - Sublimation of Blood  Necr           ####......   1%          2    None
e - Corpse Rot            Necr           N/A          1%          2    None
f - Vampiric Draining     Necr           ####......   2%          3    ##.....


Dungeon Overview and Level Annotations

Branches:
Dungeon (6/15)
 Temple: D:4-7

Altars:
Ashenzari
Fedhas
Kikubaaqudgha
Pakellas

Annotations:
D:5 Dowan, Edmund


Innate Abilities, Weirdness & Mutations

You heal slowly.
You have razor-sharp teeth.
You have supernaturally acute eyesight.
You can survive without breathing.
Your mind is acute. (Int +2)
You are frail (-10% HP).


Message History

The orc priest convulses in agony!
You kill the orc priest!
Kikubaaqudgha accepts your kill.
The orc shouts! x2
The orc hits you with a club!
The orc misses you. 2 orcs come into view.
There is a stone staircase leading up here.
The orc hits you with a club.
You climb upwards.
Level annotation: Dowan, Edmund The orc priest shouts!
The gnoll barely misses you. The gnoll hits you with a flail!
* * * LOW HITPOINT WARNING * * *
There is a stone staircase leading down here.
Read which item? (? for menu, Esc to quit)
As you read the scroll of fog, it crumbles to dust.
The scroll dissolves into smoke.
The gnoll hits you with a whip!
You die...
Kikubaaqudgha rasps: "You have failed me!
Welcome... oblivion!"

#.........
#.##......
#.##......
#)##......
#.##......
###########.##..###.
#.§§........##..# #.
#go§........#.# #.
#@############# #.
#..§og§..... ##
#...§.######
......g. #........##
#.....o.## ........#
#........


You could see a gnoll shaman, an orc priest, 2 gnolls and 2 orcs.

Vanquished Creatures
  2 ogres (D:4)
  A howler monkey (D:5)
  2 orc priests (D:6)
  3 orc wizards
  A worker ant (D:3)
  A hound skeleton (D:4)
  4 gnolls
  3 adders (D:2)
  An adder skeleton (D:4)
  4 worms
  4 dart slugs
  4 giant geckos
  22 orcs
  11 bats
  3 giant cockroaches
  6 goblins
  4 hobgoblins
  7 jackals
  5 kobolds
  A quokka (D:3)
  4 ball pythons
  3 giant newts
  7 rats
103 creatures vanquished.

Vanquished Creatures (collateral kills)
  A giant frog (D:3)
  A giant frog zombie (D:5)
  A bat (D:2)
  A quokka (D:5)
  A rat (D:2)
5 creatures vanquished.

Grand Total: 108 creatures vanquished

Notes
Turn   | Place    | Note
--------------------------------------------------------------
     0 | D:1      | grisgris the Vampire Necromancer began the quest for the Orb.
     0 | D:1      | Reached XP level 1. HP: 13/13 MP: 3/3
   109 | D:1      | Reached XP level 2. HP: 15/19 MP: 3/5
   744 | D:1      | Reached XP level 3. HP: 23/24 MP: 4/7
  1514 | D:2      | Found a blossoming altar of Fedhas.
  1719 | D:2      | Reached skill level 5 in Necromancy
  1795 | D:2      | Reached XP level 4. HP: 30/30 MP: 6/9
  1801 | D:2      | Learned a level 4 spell: Animate Dead
  2458 | D:2      | Found an oddly glowing altar of Pakellas.
  2458 | D:2      | Found an ancient bone altar of Kikubaaqudgha.
  2464 | D:2      | Became a worshipper of Kikubaaqudgha
  2529 | D:2      | Learned a level 4 spell: Control Undead
  3420 | D:3      | Noticed a giant frog
  4052 | D:4      | Reached XP level 5. HP: 35/35 MP: 7/11
  4736 | D:3      | Reached * piety under Kikubaaqudgha
  4736 | D:3      | Received a gift from Kikubaaqudgha
  4737 | D:3      | Identified Kikubaaqudgha's Reference Book on Evil Magic (Kikubaaqudgha gifted it to you on level 3 of the Dungeon)
  4741 | D:3      | Learned a level 2 spell: Sublimation of Blood
  5722 | D:3      | Reached skill level 5 in Spellcasting
  5722 | D:3      | Reached XP level 6. HP: 31/41 MP: 7/13
  5769 | D:3      | Learned a level 2 spell: Corpse Rot
  5935 | D:4      | Found a shattered altar of Ashenzari.
  6103 | D:4      | Gained mutation: Your mind is acute. (Int +2) [potion of mutation]
  6103 | D:4      | Gained mutation: You are frail (-10% HP). [potion of mutation]
  6522 | D:5      | Entered Level 5 of the Dungeon
  7013 | D:5      | Noticed Edmund
  7363 | D:5      | Reached XP level 7. HP: 38/41 MP: 10/15
  7404 | D:5      | Noticed Dowan
  7418 | D:5      | Learned a level 3 spell: Vampiric Draining
  8089 | D:5      | HP: 1/41 [gnoll/flail (12)]
  8090 | D:5      | Mangled by a gnoll

Skill      XL: |  1  2  3  4  5  6  7 |
---------------+----------------------+-----
Spellcasting   | 3 4 5 6 |  6.3
Necromancy     | 5 6 |  6.5
Dodging        | |  2.1
Stealth        | |  3.0

Action                   |  1- 3 |  4- 6 |  7- 9 || total
-------------------------+-------+-------+-------++-------
Melee: Dagger            |     8 |    33 |       ||    41
       Bite              |     2 |     4 |       ||     6
 Cast: Pain              |    61 |   126 |    32 ||   219
       Animate Dead      |       |    12 |       ||    12
       Control Undead    |       |     2 |       ||     2
       Vampiric Draining |       |       |     1 ||     1
       Corpse Rot        |       |       |     1 ||     1
 Abil: End Transformatio |       |     2 |       ||     2
       Bat Form          |       |     2 |       ||     2
  Use: Scroll            |     1 |     6 |     1 ||     8
       Potion            |     1 |     7 |       ||     8
 Stab: Sleeping          |       |     7 |       ||     7
  Eat: Corpse            |     2 |     5 |     2 ||     9
Armor: Robe              |     2 |    19 |     1 ||    22
Dodge: Dodged            |    12 |    66 |     7 ||    85
